 Dungeon Crawl Stone Soup version 0.23.2-1-ga50397a6bc (webtiles) character file.

Game seed: 14748456655178500470

34 Gunterle the Transmogrifier (level 3, 0/15 HPs)
             Began as a Felid Transmuter on May 13, 2019.
             Slain by a killer bee (6 damage)
             ... on level 2 of the Dungeon.
             The game lasted 00:07:49 (2315 turns).

Gunterle the Transmogrifier (Felid Transmuter)      Turns: 2315, Time: 00:07:50

Health: 0/15       AC:  1    Str:  6    XL:     3   Next: 14%
Magic:  7/7        EV: 18    Int: 15    God:
Gold:   62         SH:  0    Dex: 16    Spells: 3/6 levels left
                                        Lives:  0   Deaths: 1

rFire    . . .     SeeInvis +     - Unarmed
rCold    . . .     Gourm    .   (shield unavailable)
rNeg     . . .     Faith    .   (armour unavailable)
rPois    .         Spirit   .   (helmet unavailable)
rElec    .         Reflect  .   (cloak unavailable)
rCorr    .         Harm     .   (gloves unavailable)
MR       .....                  (boots unavailable)
Stlth    ++........             (no amulet)
HPRegen  0.05/turn              (no ring)
MPRegen  0.10/turn              (no ring)

@: lethally poisoned (0 -> -7), quick
A: very small, no armour, no weapons or thrown items, stealth, claws 1, fangs 3,
see invisible, carnivore, speed 1, shaggy fur 1, slow metabolism 1, sharp paws
a: no special abilities


You were on level 2 of the Dungeon.
You were full.

You visited 1 branch of the dungeon, and saw 3 of its levels.

You collected 62 gold pieces.

Inventory:

Missiles
 a - 20 arrows
 f - 88 stones
Jewellery
 n - an uncursed amulet of magic regeneration {unknown}
 p - an uncursed ring of fire {unknown}
Scrolls
 b - a scroll of enchant armour
 e - a scroll of identify {unknown}
 g - a scroll of blinking {unknown}
 h - a scroll of fear {unknown}
 i - a scroll of amnesia {unknown}
 j - a scroll of teleportation
 l - a scroll of enchant weapon {unknown}
 m - a scroll of remove curse {unknown}
Potions
 d - a potion of experience
 k - a potion of lignification {unknown}
Comestibles
 c - 4 rations


   Skills:
 + Level 1.3 Fighting
 - Level 2.6 Dodging
 * Level 3.5 Unarmed Combat
 - Level 2.0 Spellcasting
 * Level 11.7 Transmutations


You had 3 spell levels left.
You knew the following spells:

 Your Spells              Type           Power        Failure   Level  Hunger
a - Beastly Appendage     Tmut           #####.       1%          1    #......
b - Sticks to Snakes      Tmut           #####...     1%          2    ###....

Your spell library contained the following spells:

 Spells                   Type           Power        Failure   Level  Hunger
 Spider Form              Tmut/Pois      ###.......   6%          3    ###....
 Blade Hands              Tmut           #####.....   4%          5    ######.
 Ice Form                 Ice/Tmut       ###.....     21%         4    #####..


Dungeon Overview and Level Annotations

Branches:
Dungeon (3/15)

Altars:


Innate Abilities, Weirdness & Mutations

You cannot wear armour.
You are incapable of wielding weapons or throwing items.
Your paws allow you to move quietly. (Stealth)
You have sharp claws.
You have razor-sharp teeth.
You have supernaturally acute eyesight. (SInv)
You are carnivorous and can eat meat at any time.
You cover ground quickly.
You are covered in fur. (AC +1)
You have a slow metabolism.
Your sharp claws are effective at attacking unaware monsters.


Message History

Eating a chunk of flesh.
You eat the chunk of flesh.
This raw flesh tastes great.
You see here a +0 club.
The killer bee is too close now for your liking.
You miss the killer bee. The killer bee completely misses you.
The killer bee barely misses you.
You closely miss the killer bee. The killer bee misses you.
You barely miss the killer bee. The killer bee stings you.
You are poisoned.
The killer bee poisons you! The killer bee stings you.
You closely miss the killer bee. Your bite misses the killer bee.
You feel sick. The killer bee barely misses you. The killer bee misses you.
You are too injured to fight recklessly!
You are too injured to fight recklessly!
You are too injured to fight recklessly!
Unknown command.
You feel sick. The killer bee completely misses you.
The killer bee closely misses you.
Your adder misses the killer bee. The killer bee stings you.
You die...

.# #........# #.#..#..### .#
######...# #.#..##.... .# #...#
#.........# .## #...# #.#...##.##
#.## #...# #.#...##.# )..# #...#
#####.#......##
...########...#####.........##...
#..#.................#......##...
#.............Sy@....)..#.#......
.#.#..........S......#.##.####..)
##.########...#####.##.##.# #...
##.# #...# #.......# #### .<.#
#...# ####.#### ####
#...########.# ###### #
#.........##.# #.....
#...#####.##.#####.#### ### #...#
#.##.#.......##


You could see a killer bee and 2 friendly adders.

Vanquished Creatures
  An adder (D:2)
  A worm (D:2)
  A leopard gecko (D:1)
  An orc (D:2)
  6 bats
  2 goblins
  3 hobgoblins (D:2)
  A quokka (D:2)
  2 frilled lizards
  3 kobolds (D:1)
  A rat (D:1)
22 creatures vanquished.

Vanquished Creatures (collateral kills)
  A leopard gecko (D:2)
1 creature vanquished.

Grand Total: 23 creatures vanquished

Notes
Turn   | Place    | Note
-------+----------+-------------------------------------------
     0 | D:1      | Gunterle the Felid Transmuter began the quest for the Orb.
     0 | D:1      | Reached XP level 1. HP: 9/9 MP: 4/4
  1066 | D:1      | Reached XP level 2. HP: 12/12 MP: 4/6
  1392 | D:1      | Learned a level 2 spell: Sticks to Snakes
  1583 | D:2      | Reached skill level 3 in Transmutations
  2034 | D:2      | Reached XP level 3. HP: 15/15 MP: 1/7
  2282 | D:3      | Noticed a killer bee
  2282 | D:3      | Noticed a killer bee
  2284 | D:3      | Noticed a killer bee
  2284 | D:3      | Noticed a killer bee
  2294 | D:2      | Reached skill level 11 in Transmutations
  2294 | D:2      | Reached XP level 4. HP: 9/19 MP: 8/8
  2296 | D:2      | Slain by a killer bee
  2297 | D:2      | Reached XP level 3. HP: -1/15 MP: 6/7
  2315 | D:2      | Slain by a killer bee

Skill      XL: |  1  2  3 |
---------------+----------+-----
Transmutations | 3 11 | 11.7
Fighting       | |  1.3
Dodging        | |  2.6
Unarmed Combat | |  3.5
Spellcasting   | |  2.0

Action                   |  1- 3 |  4- 6 || total
-------------------------+-------+-------++-------
Melee: Unarmed           |    71 |       ||    71
       Headbutt          |     6 |       ||     6
       Bite              |     7 |       ||     7
       Punch             |     1 |       ||     1
 Cast: Beastly Appendage |    22 |       ||    22
       Sticks to Snakes  |     5 |     1 ||     6
  Use: Scroll            |     2 |       ||     2
       Potion            |     1 |       ||     1
 Stab: Sleeping          |     3 |       ||     3
  Eat: Chunk             |    13 |       ||    13
Armor: Skin              |     8 |       ||     8
Dodge: Dodged            |   104 |     4 ||   108
